 Dungeon Crawl Stone Soup version 0.32-a0-953-g508020473e (webtiles) character file.

Game seed: 9910715167637633021

47 Berder the Firebug (level 3, -2/28 HPs)
             Began as a Naga Fire Elementalist on Apr 16, 2024.
             Slain by a gnoll
             ... wielding a +1 flail of protection
              (12 damage)
             ... on level 2 of the Dungeon.
             The game lasted 00:03:55 (1124 turns).

Berder the Firebug (Naga Fire Elementalist)         Turns: 1124, Time: 00:03:55

Health: -2/28      AC:  2    Str: 16    XL:     3   Next: 70%
Magic:  4/6        EV:  8    Int: 17    God:
Gold:   60         SH:  0    Dex: 11    Spells: 3/6 levels left

rFire   . . .        j - +0 hand axe (venom)
rCold   . . .        (no shield)
rNeg    . . .        a - +0 robe
rPois   +            (no helmet)
rElec   .            (no cloak)
rCorr   .            (no gloves)
SInv    +            (no barding)
Will    .....        (no amulet)
Stlth   ++           l - +6 ring of strength
HPRegen 0.24/turn    (no ring)
MPRegen 0.10/turn

%: no passive effects
@: very slightly contaminated, very slow
A: AC +1, large, see invisible, deformed body, poison resistance, slowness 2,
spit poison 1, naga tail 1
a: Spit Poison


You were on level 2 of the Dungeon.
You visited 1 branch of the dungeon, and saw 2 of its levels.

You collected 60 gold pieces.

Inventory:

Hand Weapons
 j - a +0 hand axe of venom (weapon)
 k - the +1 hammer of Zyojoav {heavy, rElec rN+ Str-5 Dex+4}
   (You found it on level 2 of the Dungeon)

   Str-5:     It affects your strength (-5).
   Dex+4:     It affects your dexterity (+4).
   rElec:     It insulates you from electricity.
   rN+:       It protects you from negative energy.
Armour
 a - a +0 robe (worn)
Magical Staves
 i - a staff of death
Jewellery
 l - a +6 ring of strength (left hand)
Scrolls
 c - a scroll of identify
 f - a scroll of revelation {unknown}
Potions
 d - 2 potions of curing {unknown}
 e - a potion of brilliance
 g - a potion of attraction
 h - a potion of might {unknown}
 m - a potion of haste {unknown}


   Skills:
 - Level 1.5 Dodging
 - Level 3.0 Stealth
 + Level 2.1 Spellcasting
 + Level 3.1 Conjurations
 + Level 3.1 Fire Magic


You had 3 spell levels left.
You knew the following spells:

 Your Spells              Type           Power      Damage    Failure   Level
a - Foxfire               Conj/Fire      48%        2x1d6     5%          1
b - Scorch                Fire           24%        2d6       8%          2

Your spell library contained the following spells:

 Spells                   Type           Power      Damage    Failure   Level
 Ensorcelled Hibernation  Hex/Ice        2%         N/A       28%         2
 Inner Flame              Hex/Fire       7%         N/A       30%         3
 Volatile Blastmotes      Fire/Tloc      14%        2d11      30%         3
 Passwall                 Erth           1%         N/A       50%         3
 Swiftness                Air            1%         N/A       50%         3
 Flame Wave               Conj/Fire      12%        2d6       45%         4


Dungeon Overview and Level Annotations

Branches:
Dungeon (2/15)

Altars:

Annotations:
D:2 1 runed translucent door, 1 exclusion


Innate Abilities, Weirdness & Mutations

Your serpentine skin is tough. (AC +1)
You have supernaturally acute eyesight. (SInv)
Armour fits poorly on your strangely shaped body.
Your system is resistant to poisons. (rPois)
You cover ground very slowly.
You can spit poison.
You have a snake-like lower body.


Message History

The gnoll is moderately wounded. (foxfire=125.30928381963|125.30928381963@0,0)
You miscast Foxfire.
You are very lightly contaminated with residual magic.
Nothing appears to happen.
The gnoll misses you.
Unknown command.
You aren't carrying any items that you can evoke.
Unknown command.
Unknown command.
As you read the scroll labelled ROOWAXTIOMA, it crumbles to dust.
It is a scroll of identify.
e - a potion of brilliance The gnoll hits you with a +1 flail of protection.
As you read the scroll of identify, it crumbles to dust.
g - a potion of attraction You have got your breath back.
The gnoll barely misses you.
Okay, then.
Okay, then.
Magic courses through your body. The gnoll barely misses you.
Casting: Foxfire (safe; 5% risk of failure)
Confirm with . or Enter, or press ? or * to list all spells.
You conjure some foxfire!
The gnoll closely misses you.
Casting: Foxfire (safe; 5% risk of failure)
Confirm with . or Enter, or press ? or * to list all spells.
You conjure some foxfire!
The foxfire hits the gnoll but does no damage.
The foxfire hits the gnoll.
The gnoll is heavily wounded.
The gnoll barely misses you.
The gnoll hits you with a +1 flail of protection!
Casting: Foxfire (safe; 5% risk of failure)
Confirm with . or Enter, or press ? or * to list all spells.
You conjure some foxfire!
The foxfire hits the gnoll.
The gnoll is severely wounded.
The foxfire hits the gnoll but does no damage.
The gnoll is severely wounded.
The gnoll barely misses you.
The gnoll hits you with a +1 flail of protection!
You die...

# # #.# #.# . #.# ..
#.# # #)# # #.# ..
####)###### #
#..gg.....# #
#...@v....# #..§v.....#
#.........#
##.........#
#..........# ##
#####..........#
.#######.....##########
.........#####
...#######


You could see 2 gnolls.

Vanquished Creatures
  2 gnolls (D:2)
  A dart slug (D:1)
  2 endoplasms (D:1)
  A goblin (D:1)
  2 hobgoblins
  3 jackals (D:1)
  A quokka (D:1)
  5 ball pythons (D:1)
  5 bats (D:1)
  A frilled lizard (D:1)
  A kobold (D:1)
  3 rats
27 creatures vanquished.

Vanquished Creatures (others)
  76 foxfires
76 creatures vanquished.

Grand Total: 103 creatures vanquished

Notes
Turn   | Place    | Note
-------+----------+-------------------------------------------
     0 | D:1      | Berder the Naga Fire Elementalist began the quest for the
                  | Orb.
     0 | D:1      | Reached XP level 1. HP: 15/15 MP: 3/3
   287 | D:1      | Reached XP level 2. HP: 22/22 MP: 0/5
   336 | D:1      | Learned a level 2 spell: Scorch
   714 | D:1      | Reached XP level 3. HP: 28/28 MP: 2/6
   976 | D:2      | Identified the +1 hammer of Zyojoav {heavy, rElec rN+ Str-5
                  | Dex+4}
   977 | D:2      | Found a runed translucent door.
  1124 | D:2      | Slain by a gnoll

Illustrated notes

Levels and vault maps discovered:
D:1:      minmay_arrival_plants_in_alcoves, layout_rooms
D:2:      layout_rooms, serial_shops, nicolae_shop_back_alley_shop,
          chequers_serial_rivers_small_b, uniq_crazy_yiuf_cottage, uniq_jessica

Skill      XL: |  1  2  3 |
---------------+----------+-----
Conjurations   | 2 3 |  3.1
Dodging        | |  1.5
Stealth        | |  3.0
Spellcasting   | |  2.1
Fire Magic     | |  3.1

Action                     || total
---------------------------++-------
  Melee: Unarmed           ||     3
   Cast: Foxfire           ||    45
         Scorch            ||     1
Ability: Spit Poison       ||     9
    Use: Scroll            ||     2
         Potion            ||     1
 Armour: Robe              ||    16
  Dodge: Dodged            ||    15

Table legend: (Time is in decaauts)
 A = Elapsed time spent in this place.
 B = Non-inter-level travel time spent in this place.
 C = Inter-level travel time spent in this place.
 D = Time resting spent in this place.
 E = Time spent auto-exploring this place.
 F = Levels seen in this place.
 G = Mean time per level.
                   A        B        C        D        E       F      G
               +--------+--------+--------+--------+--------+-----+--------+
         Total |   1399 |   1352 |     47 |    247 |    691 |   2 |  699.5 |
       Dungeon |   1399 |   1352 |     47 |    247 |    691 |   2 |  699.5 |
               +--------+--------+--------+--------+--------+-----+--------+

Top non-repeatable levels by time:
     D:1: 1164 daAuts
     D:2: 234 daAuts
